 Dungeon Crawl Stone Soup version 0.17-a0-1923-gc35365e (webtiles) character file.

7 barthelm the Digger (level 2, 0/15 HPs)
             Began as a Gargoyle Earth Elementalist on Sept 28, 2015.
             Slain by a giant cockroach (1 damage)
             ... on level 2 of the Dungeon.
             The game lasted 00:03:05 (207 turns).

barthelm the Digger (Gargoyle Earth Elementalist)    Turns: 207, Time: 00:03:05

Health: 0/15       AC:  4    Str: 11    XL:     2   Next: 4%
Magic:  5/5        EV: 12    Int: 15    God:
Gold:   0          SH:  0    Dex: 10    Spells: 1 memorised, 4 levels left

rFire  . . .     SeeInvis .     (no weapon)
rCold  . . .     Clarity  .     b - +0 robe
rNeg   + . .     SustAt   .     (no shield)
rPois  ∞         Gourm    .     (no helmet)
rElec  +         Spirit   .     (no cloak)
rCorr  .         Warding  .     (no gloves)
rMut   .         Stasis   .     (no boots)
MR     .....                    (no amulet)
Stlth  ++........               (no ring)
                                (no ring)

@: not resistant to hostile enchantments, unstealthy
A: negative energy resistance 1, electricity resistance, unbreathing,
petrification resistance, rot immunity, AC +2
a: no special abilities


You were on level 2 of the Dungeon.
You were not hungry.

You visited 1 branch of the dungeon, and saw 2 of its levels.

Inventory:

Missiles
 a - 23 stones (quivered)
Armour
 b - a +0 robe (worn)
Scrolls
 e - 3 scrolls of identify {unknown}
 i - a scroll of enchant armour {unknown}
Books
 c - a book of Geomancy

   Spells                             Type                      Level
   a - Sandblast                      Earth                        1
   b - Stoneskin                      Transmutation/Earth          2
   c - Passwall                       Transmutation/Earth          3
   d - Stone Arrow                    Conjuration/Earth            3
   e - Petrify                        Transmutation/Earth          4
   f - Lee's Rapid Deconstruction     Earth                        5
Comestibles
 d - 2 bread rations
 f - 2 chunks of flesh
 g - 3 fruits
 h - a beef jerky


   Skills:
 + Level 1.8 Dodging
 + Level 2.1 Stealth
 + Level 2.1 Spellcasting
   Level 0.7 Transmutations
 + Level 3.9 Earth Magic


You had 4 spell levels left.
You knew the following spells:

 Your Spells              Type           Power        Failure   Level  Hunger
a - Sandblast             Erth           ##....       6%          1    #......


Dungeon Overview and Level Annotations

Branches:
Dungeon (2/15)

Altars:


Innate Abilities, Weirdness & Mutations

You are resistant to torment.
Your stone body is resilient (AC +2).
You are immune to poison.
You resist negative energy.
You are resistant to electric shocks.
You can survive without breathing.
You are immune to petrification.
You are immune to rotting.


Message History

The rat barely misses you. The goblin barely misses you.
The giant cockroach closely misses you. The rat completely misses you.
The goblin closely misses you. The giant cockroach barely misses you.
The rat bites you but does no damage. The goblin closely misses you.
The giant cockroach closely misses you. The rat bites you but does no damage.
The goblin hits you.
* * * LOW HITPOINT WARNING * * *
The giant cockroach closely misses you. The rat barely misses you.
The giant cockroach barely misses you. The goblin hits you but does no damage.
The giant cockroach closely misses you. The rat closely misses you.
The goblin hits you but does no damage. The giant cockroach closely misses you.
The rat barely misses you. The goblin hits you.
* * * LOW HITPOINT WARNING * * *
The giant cockroach bites you but does no damage.
The rat barely misses you. The goblin hits you but does no damage.
The giant cockroach bites you.
You die...

#..........
##..#..#...#
#.....# .#.##
##.<...##.....
#......#......
#.........#...
....####......##
....###.?.......#
#........g@r..(...
#.........#s..(..#
#......... ...#...
....... #......
....... ......
....... ....##
#...$.. ...##
#..?... ###


You could see a giant cockroach, a goblin and a rat.

Vanquished Creatures
  A bat (D:1)
  A hobgoblin (D:1)
  2 giant newts (D:1)
  2 kobolds (D:1)
  2 rats (D:1)
8 creatures vanquished.

Notes
Turn   | Place    | Note
--------------------------------------------------------------
     0 | D:1      | barthelm the Gargoyle Earth Elementalist began the quest for the Orb.
     0 | D:1      | Reached XP level 1. HP: 10/10 MP: 3/3
   174 | D:1      | Reached XP level 2. HP: 13/15 MP: 5/5
   207 | D:2      | Slain by a giant cockroach

Vault maps used:
D:1:      elethiomel_arrival_maze, amethyst_killhole
D:2:      lemuel_crystal_altar

Action                   || total
-------------------------++-------
Melee: Unarmed           ||    30
 Cast: Sandblast         ||     5
 Stab: Sleeping          ||     1
